 Dungeon Crawl Stone Soup version 0.21.1-1-g345015f (webtiles) character file.

111 shakethe the Chopper (level 4, -10/34 HPs)
             Began as a Demonspawn Gladiator on Feb 24, 2018.
             Killed by nerve-wracking pain
             ... invoked by an orc priest
              (14 damage)
             ... on level 3 of the Dungeon.
             The game lasted 00:05:38 (2275 turns).

shakethe the Chopper (Demonspawn Gladiator)         Turns: 2275, Time: 00:05:39

Health: -10/34     AC:  6    Str: 14    XL:     4   Next: 62%
Magic:  4/4        EV: 13    Int: 11    God:
Gold:   189        SH:  0    Dex: 14    Spells: 3/3 levels left

rFire    . . .     SeeInvis .   a - +0 war axe
rCold    . . .     Gourm    .   (no shield)
rNeg     . . .     Faith    .   b - +0 leather armour
rPois    .         Spirit   .   c - +0 helmet
rElec    .         Reflect  .   (no cloak)
rCorr    .         Harm     .   p - +0 pair of gloves
MR       .....     Rnd*Tele +   g - +0 pair of boots
Stlth    +.........             (no amulet)
HPRegen  0.11/turn              m - ring of teleportation (curse) {+/*tele, !d}
MPRegen  0.09/turn              (no ring)

@: lethally poisoned (-10 -> -19)
A: hooves 1, demonic guardian 1
a: no special abilities


You were on level 3 of the Dungeon.
You were hungry.

You visited 1 branch of the dungeon, and saw 3 of its levels.

You collected 189 gold pieces.

Inventory:

Hand Weapons
 a - a +0 war axe (weapon)
Missiles
 d - 3 throwing nets {=f, !d}
Armour
 b - a +0 leather armour (worn)
 c - a +0 helmet (worn)
 g - a +0 pair of boots (worn)
   (You found it on level 2 of the Dungeon)
 p - a +0 pair of gloves (worn)
   (You found it on level 2 of the Dungeon)
Jewellery
 m - a cursed ring of teleportation (left hand) {+/*tele, !d}
   (You found it on level 2 of the Dungeon)
Wands
 r - a wand of scattershot (6)
   (You found it on level 3 of the Dungeon)
Scrolls
 e - 2 scrolls of fog {unknown}
 h - 4 scrolls of identify {unknown}
 i - a scroll of enchant armour {unknown}
 k - a scroll of amnesia {unknown}
Potions
 j - a potion of invisibility {unknown}
 l - a potion of haste {unknown}
 n - a potion of mutation {unknown}
 o - a potion of lignification {unknown}
 q - a potion of brilliance {unknown}
Comestibles
 f - 5 rations


   Skills:
 + Level 2.9 Fighting
 * Level 4.0 Axes
 - Level 1.7 Throwing
 + Level 3.3 Dodging


You had 3 spell levels left.
You didn't know any spells.

Dungeon Overview and Level Annotations

Branches:
Dungeon (3/15)

Altars:

Annotations:
D:3 Autsider's ghost, amateur TrAM


Innate Abilities, Weirdness & Mutations

You have large cloven feet.
A weak demonic guardian rushes to your aid.


Message History

You take 1 damage, and have 33/34 hp.
The bat hits you but does no damage. x2
You slash the bat!
You kill the bat!
No target in view!
Health restored: 34
f - 5 rations (gained 1)
There are no items here.
As you open the door, it creaks loudly!
There is an open door here.
Found a stone staircase leading down.
You now have 160 gold pieces (gained 11).
You now have 176 gold pieces (gained 16).
q - an emerald potion You now have 189 gold pieces (gained 13). 2 orcs come into view.
The orc shouts!
You hear a shout! x2
The orc moves out of view.
An orc wizard comes into view. It is wielding a dagger.
The orc wizard shouts!
You hear a shout!
An orc comes into view. It is wielding a flail.
The orc shouts!
You see here a scroll labeled OKHLUE JULENOL.
A kobold comes into view. It is wielding a short sword.
The kobold shouts!
An orc priest comes into view.
You closely miss the orc. x2; The orc hits you but does no damage.
The kobold unwields an uncursed short sword.
The kobold wields a blowgun.
The kobold shoots a poisoned needle.
The poisoned needle hits your quasit!
You hit the orc. You barely miss the orc. The orc barely misses you.
Your quasit bites the orc.
Your quasit closely misses the orc.
Your quasit claws the orc.
The orc hits your quasit with an enchanted dagger.
The kobold shoots a poisoned needle.
The poisoned needle barely misses your quasit.
The poisoned needle hits the orc!
The orc is poisoned.
A giant cockroach comes into view.
You slash the orc!
You kill the orc!
Your Axes skill increases to level 4!
You slash the orc!
You kill the orc!
Your quasit barely misses the giant cockroach.
Your quasit claws the giant cockroach.
Your quasit barely misses the giant cockroach.
Your quasit bites the giant cockroach but does no damage.
Your quasit claws the giant cockroach but does no damage.
Your quasit barely misses the giant cockroach.
The orc wizard barely misses you.
You hit the orc wizard but do no damage.
You slash the giant cockroach!
You kill the giant cockroach!
You closely miss the orc priest.
The kobold shoots a poisoned needle.
The poisoned needle completely misses your quasit.
The poisoned needle hits you.
You are poisoned.
The orc priest hits you but does no damage.
The orc wizard points at you and mumbles some strange words.
The puff of frost hits you! The orc misses your quasit.
Your quasit closely misses the orc wizard.
Your quasit barely misses the orc wizard. x2
You take 10 damage, and have 24/34 hp.
MASSIVE DAMAGE!!
You slash the orc wizard! You completely miss the orc priest.
You are feeling hungry.
You feel sick.
The kobold shoots a poisoned needle.
The poisoned needle barely misses your quasit.
The poisoned needle hits you!
You are more poisoned.
Your quasit bites the orc wizard but does no damage.
Your quasit claws the orc wizard but does no damage.
Your quasit claws the orc wizard.
The orc priest hits you but does no damage.
The orc wizard hits your quasit with a dagger.
The orc misses your quasit.
The kobold shoots a poisoned needle.
The poisoned needle hits your quasit!
You take 1 damage, and have 23/34 hp.
You catch the helpless orc wizard completely off-guard!
You hit the orc wizard. You slash the orc priest!
You feel sick.
Your quasit bites the orc wizard but does no damage.
Your quasit closely misses the orc wizard. x2
The orc priest closely misses you.
The orc wizard gestures at your quasit while chanting.
The magic dart hits your quasit.
Your quasit dies!
The kobold shoots a poisoned needle.
The poisoned needle misses you. The orc wizard hits you with a dagger.
The orc priest calls down the wrath of Beogh upon you.
Beogh smites you!
* * * LOW HITPOINT WARNING * * *
You take 18 damage, and have 5/34 hp.
MASSIVE DAMAGE!!
You closely miss the orc wizard. You barely miss the orc.
You hit the orc priest.
* * * LOW HITPOINT WARNING * * *
You feel sick. The orc hits you but does no damage.
The orc priest mumbles some strange prayers to Beogh against you.
Pain shoots through your body!
You die...

## .# ## #########.##
.## . ........... ...
#####.#......##.####.###
......#.###.#...........
....K(ooo$..............
#@###.#.##........
##.#5...........###.#
........................
###.....#.#.#......####.
#.....#.#.#####..####.
.......#.#.............
........#.########......
...#....#...............
...##...##############..


You could see an orc priest, an orc wizard, an orc, a kobold and a friendly
ufetubus.

Vanquished Creatures
  Robin (D:2)
  2 adders (D:2)
  A worm (D:2)
  A dart slug (D:2)
  3 leopard geckos (D:2)
  2 orcs (D:3)
  8 bats
  3 giant cockroaches
  16 goblins
  9 hobgoblins
  3 jackals (D:1)
  9 kobolds
  A quokka (D:2)
  3 frilled lizards
  5 rats
67 creatures vanquished.

Notes
Turn   | Place    | Note
-------+----------+-------------------------------------------
     0 | D:1      | shakethe the Demonspawn Gladiator began the quest for the Orb.
     0 | D:1      | Reached XP level 1. HP: 16/16 MP: 1/1
   145 | D:1      | Gained mutation: You have large cloven feet. [demonic ancestry]
   145 | D:1      | Reached XP level 2. HP: 18/22 MP: 2/2
   175 | D:1      | Reached skill level 3 in Axes
   535 | D:1      | Reached skill level 3 in Dodging
   870 | D:1      | Reached XP level 3. HP: 18/28 MP: 3/3
  1617 | D:2      | Gained mutation: A weak demonic guardian rushes to your aid. [demonic ancestry]
  1617 | D:2      | Reached XP level 4. HP: 32/34 MP: 4/4
  1822 | D:2      | Noticed Robin
  1843 | D:2      | Killed Robin
  2100 | D:3      | Noticed Autsider's ghost (amateur TrAM)
  2271 | D:3      | Reached skill level 4 in Axes
  2274 | D:3      | HP: 5/34 [orc priest/divine providence (13)]
  2275 | D:3      | Killed from afar by an orc priest

Skill      XL: |  1  2  3  4 |
---------------+-------------+-----
Axes           | 3 4 |  4.0
Dodging        | 3 |  3.3
Fighting       | |  2.9
Throwing       | |  1.7

Action                   |  1- 3 |  4- 6 || total
-------------------------+-------+-------++-------
Melee: War axe           |   104 |    45 ||   149
       Kick              |    13 |     2 ||    15
  Use: Scroll            |     1 |       ||     1
 Stab: Sleeping          |     1 |       ||     1
       Distracted        |       |     1 ||     1
  Eat: Chunk             |     2 |     2 ||     4
Armor: Leather armour    |    57 |    28 ||    85
Dodge: Dodged            |   126 |    28 ||   154

Vault maps used:
D:1:      dpeg_arrival_three_smaller_balls
D:2:      first_ration, lightli_corner_chamber, uniq_robin
D:3:      kiku_gazebo_pond_becter

Table legend:
 A = Turns spent in this place as a percentage of turns spent in the entire game.
 B = Non-inter-level travel turns spent in this place as a percentage of non-inter-level travel turns spent in the entire game.
 C = Inter-level travel turns spent in this place as a percentage of turns spent in this place.
 D = Turns resting spent in this place as a percentage of non-inter-level travel turns spent in this place.
 E = Turns spent auto-exploring this place as a percentage of non-inter-level travel turns spent in this place.
 F = Non-inter-level travel turns spent in this place divided by the number of levels of this place that you've seen.
                   A       B       C       D       E      F
               +-------+-------+-------+-------+-------+----------------------
         Total | 100.0 | 100.0 |   1.1 |  31.2 |  41.8 | 750.0
       Dungeon | 100.0 | 100.0 |   1.1 |  31.2 |  41.8 | 750.0
               +-------+-------+-------+-------+-------+----------------------

Table legend:
 A = Kills in this place as a percentage of kills in entire the game.
 B = Kills by you in this place as a percentage of kills by you in the entire game.
 C = Kills by friends in this place as a percentage of kills by friends in the entire game.
 D = Other kills in this place as a percentage of other kills in the entire game.
 E = Experience gained in this place as a percentage of experience gained in the entire game.
 F = Experience gained in this place divided by the number of levels of this place that you have seen.
                   A       B       C       D       E      F
               +-------+-------+-------+-------+-------+----------------------
         Total | 100.0 | 100.0 |   N/A |   N/A | 100.0 |  53.0
       Dungeon | 100.0 | 100.0 |   N/A |   N/A | 100.0 |  53.0
               +-------+-------+-------+-------+-------+----------------------
